 Dungeon Crawl Stone Soup version 0.23-b1-67-g8bd44de (webtiles) character file.

Game seed: 4335519305194665926

1596 Folque the Conjurer (level 8, -8/54 HPs)
             Began as an Octopode Wizard on Feb 5, 2019.
             Was an Initiate of Gozag.
             Killed themself with a badly aimed iceblast (15 damage)
             ... on level 6 of the Dungeon.
             The game lasted 00:26:02 (5640 turns).

Folque the Conjurer (Octopode Wizard)               Turns: 5640, Time: 00:26:04

Health: -8/54      AC:  2    Str:  4    XL:     8   Next: 93%
Magic:  9/14       EV: 15    Int: 27    God:    Gozag
Gold:   784        SH:  0    Dex: 13    Spells: 4/15 levels left

rFire    . . .     SeeInvis .   B - +0 dagger of Demonkind {pierce, rN+ Str-2 Int+4 Dex+3}
rCold    . . .     Gourm    .   (no shield)
rNeg     + . .     Faith    .   a - +1 hat
rPois    .         Spirit   .   (no amulet)
rElec    .         Reflect  .   (no ring)
rCorr    .         Harm     .   (no ring)
MR       .....                  (no ring)
Stlth    ++++......             (no ring)
HPRegen  0.18/turn              (no ring)
MPRegen  0.14/turn              (no ring)
                                (no ring)
                                (no ring)

@: gold aura, very slightly contaminated
A: almost no armour, stealthy swim, amphibious, 8 rings, constrict 8, camouflage
1, gelatinous body 1
a: Potion Petition, Call Merchant, Bribe Branch, Renounce Religion


You were on level 6 of the Dungeon.
You worshipped Gozag.
Gozag was pleased with you.
You were not hungry.

You visited 1 branch of the dungeon, and saw 6 of its levels.
You also visited: Ossuary.

You collected 817 gold pieces.
You paid 33 gold pieces to Gozag.

Inventory:

Hand Weapons
 d - a +0 flail
 e - a +4 quarterstaff of chaos
 o - a +0 short sword
 q - a +4 scythe of slicing
 B - the +0 dagger of Demonkind (weapon) {pierce, rN+ Str-2 Int+4 Dex+3}
   (You found it on level 5 of the Dungeon)

   It inflicts extra damage upon your enemies.
   It affects your strength (-2).
   It affects your intelligence (+4).
   It affects your dexterity (+3).
   It protects you from negative energy.
Armour
 a - a +1 hat (worn)
 f - a +0 buckler
Jewellery
 i - an uncursed ring of fire {unknown}
 k - an uncursed amulet of guardian spirit {unknown}
 y - an uncursed ring of ice {unknown}
Wands
 j - a wand of iceblast (12)
 s - a wand of polymorph (10)
Scrolls
 g - 3 scrolls of enchant armour
 l - 6 scrolls of immolation
 m - 3 scrolls of amnesia
 p - 3 scrolls of fog
 w - 2 scrolls of identify
 x - a scroll of fear
Potions
 b - 4 potions of haste
 h - 3 potions of curing {unknown}
 n - a potion of lignification {unknown}
 r - 7 potions of heal wounds {unknown}
 t - a potion of berserk rage {unknown}
 v - a potion of ambrosia {unknown}
 z - a potion of mutation {unknown}
 A - 2 potions of agility {unknown}
Comestibles
 c - 5 rations


   Skills:
 - Level 4.2 Fighting
 - Level 5.0 Dodging
 + Level 4.4 Stealth
 * Level 1.2 Shields
 - Level 4.1 Spellcasting
 - Level 6.0 Conjurations
 + Level 2.1 Summonings
 - Level 1.0 Translocations
 - Level 1.4 Air Magic
 - Level 4.2 Poison Magic


You had 4 spell levels left.
You knew the following spells:

 Your Spells              Type           Power        Failure   Level  Hunger
a - Magic Dart            Conj           ####         1%          1    None
b - Call Imp              Summ           ###.....     4%          2    None
c - Blink                 Tloc           N/A          8%          2    None
d - Mephitic Cloud        Conj/Pois/Air  ####....     4%          3    ##.....
e - Conjure Flame         Conj/Fire      ###.....     7%          3    ##.....

Your spell library contained the following spells:

 Spells                   Type           Power        Failure   Level  Hunger
 Sandblast                Erth           #.....       8%          1    None
 Slow                     Hex            #.......     12%         2    None


Dungeon Overview and Level Annotations

Branches:
Dungeon (6/15)             Temple (0/1) D:6

Altars:
Ashenzari
Gozag
Hepliaklqana
Okawaru
Sif Muna
Trog
Zin

Shops:
D:5 [

Annotations:
D:6 exclusion: oklob sapling


Innate Abilities, Weirdness & Mutations

You cannot wear most types of armour.
You are very stealthy in the water. (Stealth+)
You are amphibious.
You can wear up to eight rings at the same time.
You can use your tentacles to constrict eight enemies at once.
Your skin changes colour to match your surroundings (Stealth+).
Your rubbery body absorbs attacks. (AC +1, EV +1)


Message History

Something hits you but does no damage.
Your crimson imp hits the orc.
You hit the orc but do no damage. Your grab misses the orc.
The orc is moderately wounded.
You hear some strange, mumbled words.
A magic dart appears from out of thin air!
The magic dart hits you!
* * * LOW HITPOINT WARNING * * *
The orc closely misses you.
Your crimson imp barely misses the orc.
Your crimson imp blinks!
That item cannot be evoked!
Evoke which item? (* to show all) (? for menu, Esc to quit)
Aiming: Iceblast
Press: ? - help, Shift-Dir - straight line The mass of ice explodes!
The iceblast engulfs something!
Reactivating autopickup.
You feel a bit more experienced.
The iceblast engulfs the orc!
You kill the orc!
The iceblast engulfs you!
You die...
Your body crumbles into a pile of gold.

............$.#...P.PP..
###..........$'...+ ..
#.........o.#..## .#
#...........##'# ..#
########....#..##..##
#....#..ยง....#
#....#!$.....#
#....#$$###+## #....#.@#
#....#...+ #...# #5.##
#..# #..# #..# #...


You could see a friendly crimson imp.

Vanquished Creatures
  Sigmund (D:2)
  Menkaure (D:5)
  A steam dragon (D:5)
  An ogre (D:5)
  Blork the orc (D:5)
  2 big kobolds (D:3)
  A scorpion (D:4)
  3 wights (D:5)
  A centaur zombie (Ossuary)
  A quasit (D:6)
  A centaur skeleton (D:6)
  A hound (D:3)
  An orc priest (D:4)
  7 orc wizards
  Crazy Yiuf (D:2)
  Ijyb (D:3)
  2 worker ants
  Terence (D:2)
  2 big kobold zombies (Ossuary)
  2 mummies (Ossuary)
  A hound skeleton (D:5)
  A gnoll (D:1)
  8 adders
  A shadow imp (D:4)
  An ooze (D:3)
  An adder skeleton (D:5)
  An adder zombie (Ossuary)
  3 worms
  2 dart slugs
  3 leopard geckos
  11 orcs
  8 bats
  3 giant cockroaches
  5 goblins
  4 hobgoblins
  3 jackals (D:5)
  A quokka (D:5)
  A ball python (D:2)
  4 frilled lizards
  6 hobgoblin zombies (Ossuary)
  3 jackal zombies (Ossuary)
  13 kobolds
  13 kobold zombies (Ossuary)
  A leopard gecko skeleton (D:5)
  7 orc zombies (Ossuary)
  12 rats
  4 rat zombies (Ossuary)
153 creatures vanquished.

Vanquished Creatures (collateral kills)
  An orc wizard (D:4)
  An adder (D:3)
  2 goblins (D:3)
  A hobgoblin (D:3)
  A kobold (D:1)
  A bat (D:3)
7 creatures vanquished.

Grand Total: 160 creatures vanquished

Notes
Turn   | Place    | Note
-------+----------+-------------------------------------------
     0 | D:1      | Folque the Octopode Wizard began the quest for the Orb.
     0 | D:1      | Reached XP level 1. HP: 11/11 MP: 4/4
   229 | D:1      | Reached skill level 1 in Fighting
   229 | D:1      | Reached XP level 2. HP: 18/18 MP: 0/6
   238 | D:1      | Learned a level 2 spell: Call Imp
   241 | D:1      | Learned a level 2 spell: Blink
   417 | D:1      | Reached XP level 3. HP: 14/24 MP: 0/7
   431 | D:1      | Learned a level 3 spell: Mephitic Cloud
   900 | D:1      | Reached skill level 1 in Poison Magic
   999 | D:2      | Noticed Sigmund
  1009 | D:2      | HP: 1/24 [Sigmund/+4 scythe of slicing (2)]
  1316 | D:2      | Killed Sigmund
  1316 | D:2      | Reached XP level 4. HP: 14/29 MP: 1/10
  1316 | D:2      | Reached XP level 5. HP: 16/34 MP: 1/11
  1332 | D:2      | Found a hazy altar of Hepliaklqana.
  1696 | D:2      | Noticed Terence
  1712 | D:2      | Killed Terence
  1712 | D:2      | Reached XP level 6. HP: 35/39 MP: 3/12
  1821 | D:2      | Learned a level 3 spell: Conjure Flame
  1990 | D:2      | Found a runed translucent door.
  1991 | D:2      | Noticed Crazy Yiuf
  1999 | D:2      | Killed Crazy Yiuf
  1999 | D:2      | Reached skill level 2 in Conjurations
  2150 | D:3      | Found a bloodstained altar of Trog.
  2153 | D:3      | Reached skill level 1 in Air Magic
  2295 | D:3      | Found an opulent altar of Gozag.
  2308 | D:3      | Became a worshipper of Gozag Ym Sagoz the Greedy
  2407 | D:3      | Reached skill level 3 in Conjurations
  2669 | D:3      | Noticed Ijyb
  2684 | D:3      | Killed Ijyb
  2684 | D:3      | Reached XP level 7. HP: 24/45 MP: 6/13
  2923 | D:3      | Found a glowing silver altar of Zin.
  2923 | D:3      | Noticed an angel
  3309 | D:5      | Entered Level 5 of the Dungeon
  3309 | D:5      | Noticed Blork the orc
  3320 | D:5      | Found Quwaf's Antique Armour Shoppe.
  3410 | D:5      | Reached skill level 4 in Conjurations
  3425 | D:5      | Noticed a steam dragon
  3430 | D:5      | Found a sand-covered staircase.
  3507 | D:5      | HP: 1/46 [steam dragon (11)]
  3517 | D:5      | Killed a steam dragon
  3517 | D:5      | Reached XP level 8. HP: 3/52 MP: 4/14
  3532 | Ossuary  | Entered an ossuary
  4257 | D:5      | Got a warped dagger
  4258 | D:5      | Identified the cursed +0 dagger of Demonkind {pierce, rN+
                  | Str-2 Int+4 Dex+3} (You found it on level 5 of the Dungeon)
  4351 | D:5      | Reached skill level 5 in Conjurations
  4393 | D:5      | Killed Blork the orc
  4487 | D:5      | Noticed Menkaure
  4499 | D:5      | Killed Menkaure
  4499 | D:5      | Reached skill level 5 in Dodging
  4728 | D:5      | Found an iron altar of Okawaru.
  4783 | D:5      | Found a deep blue altar of Sif Muna.
  4802 | D:5      | Identified Sif Muna's Catalogue of Earth
  5070 | D:5      | Found a shattered altar of Ashenzari.
  5555 | D:6      | Reached skill level 6 in Conjurations
  5616 | D:6      | Reached skill level 1 in Shields
  5624 | D:6      | Found a staircase to the Ecumenical Temple.
  5640 | D:6      | Killed themself with a badly aimed iceblast

Skill      XL: |  1  2  3  4  5  6  7  8 |
---------------+-------------------------+-----
Fighting       | 1 2 3 4 |  4.2
Stealth        | 3 4 |  4.4
Poison Magic   | 4 |  4.2
Spellcasting   | 4 |  4.1
Conjurations   | 3 4 6 |  6.0
Air Magic      | 1 |  1.4
Dodging        | 4 5 |  5.0
Summonings     | 2 |  2.1
Shields        | 1 |  1.2
Translocations | |  1.0

Action                   |  1- 3 |  4- 6 |  7- 9 || total
-------------------------+-------+-------+-------++-------
Melee: Unarmed           |     6 |       |       ||     6
       Constrict         |    16 |    17 |    46 ||    79
       Tentacles         |     6 |     4 |    23 ||    33
       Flail             |    46 |       |       ||    46
       Short sword       |    13 |     2 |       ||    15
       Scythe            |       |    92 |   115 ||   207
       Dagger            |       |       |   106 ||   106
 Cast: Magic Dart        |     7 |     1 |    18 ||    26
       Call Imp          |     2 |     8 |     3 ||    13
       Mephitic Cloud    |     2 |     1 |    12 ||    15
       Conjure Flame     |       |     7 |    19 ||    26
       Blink             |       |       |     8 ||     8
  Use: Scroll            |       |     6 |     6 ||    12
 Stab: Sleeping          |     6 |     7 |     5 ||    18
       Confused          |     2 |     1 |     8 ||    11
  Eat: Chunk             |       |     6 |       ||     6
       Ration            |       |       |     4 ||     4
Armor: Skin              |     9 |     8 |    15 ||    32
Dodge: Dodged            |    51 |    31 |   120 ||   202
